Map: Interloper LE

Players

TheFruitDude

  • Race: Zerg Zerg
  • League: Master
  • Spawn Location: 11:00

HeroMarine - Winner!

  • Race: Terran Terran
  • League: Master
  • Spawn Location: 5:00

VOD

https://youtu.be/BuwHBKI1fIk

Description

Time

  • Played on: July 25, 2017, 8:02 p.m.
  • Length: 10:58
Show
View Real Time Build Order
Export as new Build Order

TheFruitDude Zerg 

Build Orders: Hatch First, Muta Ling Bane 

Get SALT Encoding   

  12  0:00  Drone  
  13  0:13  Overlord  
  13  0:17  Drone  
  14  0:32  Drone x2  
  14  0:35  Drone  
  17  0:52  Hatchery  
  17  0:56  Drone  
  17  0:59  Drone  
  18  1:06  Extractor  
  17  1:14  Spawning Pool  
  17  1:16  Drone  
  17  1:20  Drone  
  18  1:30  Drone  
  19  1:44  Overlord  
  19  2:00  Queen  
  21  2:03  Zergling x4  
  21  2:04  Queen  
  21  2:05  Zergling x2  
  21  2:06  Metabolic Boost  
  26  2:12  Drone  
  26  2:15  Drone  
  28  2:23  Drone  
  29  2:33  Drone x2  
  31  2:40  Queen  
  33  2:45  Overlord  
  33  2:55  Pneumatized Carapace  
  33  2:57  Drone x3  
  36  3:07  Drone x2  
  36  3:12  Drone x4  
  42  3:15  Drone x2  
  42  3:18  Overlord  
  44  3:32  Hatchery  
  43  3:41  Queen x2  
  47  3:53  Zergling x6  
  50  4:00  Baneling Nest  
  50  4:01  Drone  
  50  4:02  Drone x2  
  52  4:07  Overlord  
  52  4:08  Extractor  
  52  4:09  Spore Crawler  
  50  4:17  Overlord  
  50  4:18  Overlord  
  50  4:26  Spore Crawler  
  50  4:31  Spore Crawler  
  48  4:34  Queen x2  
  52  4:44  Drone  
  52  4:45  Drone x8  
  61  4:46  Baneling  
  61  4:47  Baneling x4  
  61  4:52  Drone x3  
  64  5:04  Drone x2  
  66  5:08  Overlord  
  66  5:12  Evolution Chamber  
  66  5:13  Evolution Chamber  
  64  5:19  Lair  
  64  5:23  Drone x2  
  64  5:24  Overlord  
  64  5:25  Overlord  
  66  5:32  Drone x3  
  66  5:33  Drone x3  
  72  5:41  Drone  
  72  5:42  Zerg Ground Armor Level 1, Drone, Zerg Melee Weapons Level 1  
  74  5:45  Drone x6  
  74  5:49  Extractor  
  79  5:50  Extractor  
  79  5:55  Overlord  
  78  6:06  Drone x3, Extractor  
  78  6:07  Extractor, Drone x2  
  78  6:08  Overlord x2  
  78  6:10  Drone  
  82  6:16  Drone x3  
  85  6:25  Hatchery  
  84  6:30  Overlord  
  84  6:32  Centrifical Hooks  
  84  6:34  Drone  
  84  6:36  Spire, Queen  
  86  6:43  Overlord x2  
  86  6:46  Zergling x10  
  91  6:54  Drone x2  
  91  6:59  Overlord x2  
  93  7:01  Zergling x2  
  93  7:02  Zergling x8  
  98  7:13  Hatchery, Baneling x2  
  98  7:14  Baneling x6  
  94  7:15  Zergling x2  
  94  7:16  Zergling x18  
  94  7:21  Overseer  
  104  7:23  Drone  
  105  7:34  Hatchery  
  103  7:46  Zergling x14  
  103  7:47  Zergling x12  
  104  7:55  Mutalisk x2  
  104  7:58  Baneling x3  
  101  8:08  Zerg Ground Armor Level 2, Zerg Melee Weapons Level 2, Zerg Flyer Weapons Level 1  
  101  8:09  Mutalisk x6  
  101  8:12  Zergling x6  
  116  8:17  Baneling  
  116  8:19  Drone x3  
  119  8:35  Drone  
  119  8:36  Drone x8  
  119  8:37  Overseer  
  119  8:39  Mutalisk x3  
  134  8:47  Baneling x3  
  134  8:48  Baneling x3  
  134  8:49  Baneling x2  
  134  8:50  Baneling x4  
  134  8:51  Zergling x2  
  134  8:52  Zergling x8  
  136  8:56  Zergling x6  
  136  8:58  Baneling x5  
  136  8:59  Extractor  
  138  9:02  Spore Crawler  
  126  9:12  Zergling x18  
  126  9:13  Zergling x4  
  126  9:15  Baneling x9  
  126  9:16  Baneling  
  128  9:18  Zergling x6  
  131  9:26  Queen x2  
  131  9:29  Zergling x6  
  120  9:40  Zergling x2  
  120  9:41  Zergling x20  
  112  9:48  Zergling x12  
  115  9:54  Baneling x8  
  115  9:56  Overseer  
  115  9:58  Zergling x6  
  117  10:04  Mutalisk x3  
  123  10:17  Mutalisk x2  
  123  10:19  Hatchery  
  126  10:24  Mutalisk x3  
  126  10:26  Baneling  
  126  10:27  Baneling x4  
  118  10:41  Zergling x2  
Show
View Real Time Build Order
Export as new Build Order

HeroMarine Terran - Winner!

Build Orders: Hellion Opening, Reaper Expand, Bio Tank 

Get SALT Encoding   

  12  0:01  SCV  
  13  0:13  SCV  
  14  0:18  Supply Depot  
  14  0:25  SCV  
  15  0:36  Refinery  
  15  0:40  SCV  
  16  0:45  Barracks  
  16  0:52  SCV  
  17  1:04  SCV  
  18  1:16  SCV  
  19  1:32  Orbital Command  
  19  1:33  Reaper  
  20  1:43  Command Center  
  20  1:55  Factory  
  20  1:58  SCV  
  21  2:02  Refinery  
  21  2:10  SCV  
  21  2:13  Barracks Reactor  
  21  2:15  Supply Depot  
  22  2:22  SCV  
  23  2:36  SCV  
  24  2:40  Starport  
  24  2:48  SCV  
  25  2:53  Hellion  
  25  2:54  Hellion  
  25  2:55  Barracks Tech Lab  
  25  2:57  Orbital Command  
  29  3:00  SCV  
  31  3:12  SCV  
  31  3:15  Hellion x2  
  35  3:23  SCV  
  35  3:25  Viking  
  38  3:28  SCV  
  39  3:35  SCV  
  39  3:40  SCV  
  41  3:44  Supply Depot  
  41  3:48  Hellion x2  
  45  3:52  SCV  
  46  4:01  Supply Depot  
  46  4:05  Raven  
  46  4:06  SCV x2  
  50  4:18  SCV x2, Barracks Tech Lab  
  50  4:23  Command Center  
  52  4:30  SCV x2  
  54  4:37  Barracks  
  54  4:38  Factory Reactor  
  54  4:40  Marine  
  54  4:41  Barracks  
  54  4:42  SCV x2, Stimpack  
  57  4:48  Engineering Bay  
  57  4:49  Engineering Bay  
  57  4:54  SCV x2  
  57  4:57  Marine  
  57  4:59  Supply Depot  
  60  5:01  Starport Reactor  
  60  5:06  SCV x2  
  62  5:14  Barracks x2  
  62  5:19  Terran Infantry Weapons Level 1, Terran Infantry Armor Level 1  
  62  5:20  Marine, SCV x2  
  65  5:24  Refinery x2  
  65  5:32  Siege Tank  
  65  5:33  SCV x2  
  65  5:35  Marine x2  
  72  5:37  Orbital Command  
  72  5:43  Marine  
  72  5:45  Marine x2, SCV x2  
  77  5:51  Medivac  
  77  5:52  Marine, Medivac  
  77  5:56  Marine  
  84  5:57  SCV x2  
  84  6:03  Barracks Reactor x2, Orbital Command  
  85  6:10  Supply Depot  
  85  6:12  Supply Depot  
  85  6:13  Supply Depot  
  85  6:16  Marine x2, SCV x2  
  85  6:17  Siege Tank  
  92  6:19  Marine  
  93  6:31  Marine x2, SCV x3  
  93  6:32  Medivac  
  100  6:33  Marine, Medivac  
  100  6:38  Marine x2  
  105  6:42  Marine  
  105  6:43  Marine, SCV x3  
  105  6:45  Marine  
  111  6:49  Marine x3  
  111  6:51  Armory  
  111  6:53  Marine  
  115  6:56  Marine, SCV  
  115  6:57  Combat Shields  
  117  7:07  Marine  
  117  7:08  SCV  
  117  7:12  Supply Depot  
  117  7:13  Supply Depot  
  117  7:14  Factory  
  117  7:16  Marine x3  
  117  7:17  SCV x2  
  117  7:21  SCV  
  117  7:22  Supply Depot x2  
  123  7:25  Medivac  
  125  7:32  Refinery x2  
  125  7:33  Medivac  
  125  7:34  SCV x3, Siege Tank  
  125  7:35  Supply Depot  
  125  7:36  Supply Depot  
  133  7:38  Marine  
  134  7:44  Marine  
  134  7:46  SCV x3  
  134  7:49  Marine x2  
  134  7:50  Marine x2  
  134  7:51  Marine  
  135  7:53  Marine x2  
  135  7:56  Marine  
  135  7:57  Terran Infantry Weapons Level 2  
  135  7:58  SCV x3  
  141  8:01  Terran Infantry Armor Level 2  
  141  8:02  Marine  
  132  8:07  Marine x2  
  132  8:08  Factory Tech Lab  
  132  8:09  Marine x3  
  132  8:11  Marine x2  
  132  8:12  Supply Depot, Medivac  
  141  8:16  Medivac  
  141  8:17  Marine, Supply Depot  
  144  8:20  Marine  
  144  8:25  Marine x2  
  147  8:27  Terran Vehicle Weapons Level 1  
  147  8:29  Marine x3  
  147  8:30  Marine, Siege Tank  
  147  8:31  Marine  
  155  8:35  Marine  
  155  8:37  Siege Tank  
  155  8:38  Marine  
  160  8:42  Supply Depot  
  160  8:43  Marine x2  
  160  8:47  Marine x3  
  165  8:48  Marine  
  165  8:53  Marine x2  
  168  8:56  Marine  
  168  8:58  Medivac x2  
  168  9:00  Marine x2  
  168  9:02  Siege Tank  
  178  9:05  Marine x2  
  173  9:12  Marine x4  
  173  9:13  Thor  
  173  9:16  Marine  
  178  9:18  Marine x2  
  178  9:21  Missile Turret  
  178  9:23  Marine x2  
  182  9:30  Marine x4  
  186  9:31  Medivac x2  
  186  9:34  Marine  
  186  9:36  Marine  
  186  9:38  Command Center  
  173  9:42  Siege Tank  
  173  9:43  Marine x2  
  163  9:45  Marine  
  163  9:48  Marine  
  163  9:50  Marine x3  
  163  9:51  Marine  
  169  9:54  Marine  
  169  9:56  Siege Tank  
  173  10:01  Marine x2  
  173  10:03  Marine  
  173  10:04  Sensor Tower  
  173  10:05  Medivac x2  
  173  10:06  Marine  
  181  10:07  Marine  
  181  10:08  Marine x2  
  181  10:09  Marine  
  181  10:12  Marine  
  186  10:18  Marine  
  186  10:19  Marine  
  188  10:21  Marine  
  189  10:30  Marine x3  
Tags
 
Add a new tag
Caveats
  • Supply blocks, unpowered buildings, or Contaminate may cause inaccurate times.
  • Supply counts are checked every 10 seconds.